 Dungeon Crawl Stone Soup version 0.17.0-25-gefc9c12 (webtiles) character file.

45 homeworkjunkie the Sneak (level 3, -2/18 HPs)
             Began as a Spriggan Assassin on Nov 18, 2015.
             Killed from afar by an orc wizard (9 damage)
             ... with a magic dart
             ... on level 3 of the Dungeon.
             The game lasted 00:02:52 (1591 turns).

homeworkjunkie the Sneak (Spriggan Assassin)        Turns: 1591, Time: 00:02:52

Health: -2/18      AC:  3    Str: 12    XL:     3   Next: 42%
Magic:  4/4        EV: 13    Int: 12    God:
Gold:   91         SH:  0    Dex: 18    Spells: 0 memorised, 2 levels left

rFire  + . .     SeeInvis +     b - +0 blowgun
rCold  . . .     Clarity  .     c - +0 robe
rNeg   . . .     SustAt   .     (shield restricted)
rPois  .         Gourm    .     (helmet restricted)
rElec  .         Spirit   .     d - +0 cloak
rCorr  .         Warding  .     (gloves unavailable)
rMut   .         Stasis   .     (boots unavailable)
MR     .....                    (no amulet)
Stlth  ++++......               n - +5 ring of strength
                                m - ring of protection from fire

@: very quick, not resistant to hostile enchantments, stealthy
A: unfitting armour, see invisible, herbivore 3, speed 3, slow metabolism 2
a: no special abilities


You were on level 3 of the Dungeon.
You were not hungry.

You visited 1 branch of the dungeon, and saw 3 of its levels.

You collected 91 gold pieces.

Inventory:

Hand Weapons
 a - a +2 dagger
 b - a +0 blowgun (weapon)
 p - a +0 hunting sling
Missiles
 f - 4 curare-tipped needles (quivered)
 q - 9 silver sling bullets
Armour
 c - a +0 robe (worn)
 d - a +0 cloak (worn)
Jewellery
 m - a ring of protection from fire (left hand)
 n - a +5 ring of strength (right hand)
Scrolls
 h - 3 scrolls of identify {unknown}
 i - 3 scrolls of recharging {unknown}
 j - a scroll of noise {unknown}
 k - a scroll of remove curse {unknown}
Potions
 o - a potion of invisibility {unknown}
Comestibles
 g - 3 bread rations
 l - a fruit


   Skills:
 * Level 1.9 Fighting
 * Level 2.2 Short Blades
 * Level 2.4 Throwing
 * Level 2.7 Dodging
 * Level 6.6 Stealth


You had 2 spell levels left.
You didn't know any spells.

Dungeon Overview and Level Annotations

Branches:
Dungeon (3/15)

Altars:
Gozag
Kikubaaqudgha
Qazlal


Innate Abilities, Weirdness & Mutations

You are tiny and cannot use many weapons and most armour.
You have supernaturally acute eyesight.
You are a herbivore.
You cover ground extremely quickly.
You need consume almost no food.


Message History

You bump into the rock wall.
The orc wizard points at you and mumbles some strange words.
The magic dart hits the orc wizard.
You bump into the rock wall.
The orc wizard gestures at you while chanting.
The puff of flame hits you! You resist.
Firing (i - inventory. (,) - cycle):
e - a poisoned needle (quivered)
Press: ? - help, Shift-Dir - straight line, f/p - orc wizard
Aim: an orc wizard, wielding a dagger and wearing a robe (almost dead, poisoned, slightly transparent)
You shoot a poisoned needle.
The orc wizard gestures at you while chanting.
The magic dart hits you!
You bump into the rock wall.
The orc wizard closely misses you.
You feel less confused.
There is a stone staircase leading up here.
You kill the orc wizard!
The orc wizard points at you and mumbles some strange words.
The magic dart hits you!
Ouch! That really hurt!
You die...

### #.. #.# #.#
####
##.########.....
#.@.)o.....(.###
#..#####.†(....(
#..# #)#(.....
#(.# #o#...###
#..# #(# ..#
.... .(. ..#
##.## ..# .# #.
... .. ##(#


You could see an orc wizard (invisible).

Vanquished Creatures
  An orc wizard (D:3)
  2 giant geckos (D:2)
  An orc (D:3)
  3 ball pythons
  3 giant cockroaches
  2 goblins
  2 hobgoblins (D:1)
  3 kobolds (D:1)
  4 bats
  2 giant newts (D:1)
  4 rats (D:1)
27 creatures vanquished.

Notes
Turn   | Place    | Note
--------------------------------------------------------------
     0 | D:1      | homeworkjunkie the Spriggan Assassin began the quest for the Orb.
     0 | D:1      | Reached XP level 1. HP: 10/10 MP: 2/2
   117 | D:1      | Reached skill level 6 in Stealth
   756 | D:1      | Reached XP level 2. HP: 13/15 MP: 3/3
  1363 | D:2      | Found a stormy altar of Qazlal.
  1383 | D:2      | Found an ancient bone altar of Kikubaaqudgha.
  1466 | D:2      | Found an opulent altar of Gozag.
  1574 | D:3      | Reached XP level 3. HP: 16/18 MP: 4/4
  1591 | D:3      | Killed from afar by an orc wizard

Action                   || total
-------------------------++-------
Melee: Dagger            ||    49
 Fire: Blowgun           ||    26
 Stab: Sleeping          ||     6
       Distracted        ||     2
